 Dungeon Crawl Stone Soup version 0.29.1-12-g30fa7ad0bf (webtiles) character file.

Game seed: 14507642809705068126

1183 zeram the Covert (level 8, -1/67 (81) HPs)
             Began as an Octopode Fighter on Dec 13, 2022.
             Was an Initiate of Gozag.
             Killed by divine providence
             ... invoked by an orc priest
              (9 damage)
             ... on level 6 of the Dungeon.
             The game lasted 00:06:28 (5547 turns).

zeram the Covert (Octopode Fighter)                 Turns: 5547, Time: 00:06:29

HP:   -1/67 (81)    AC: 24    Str: 15      XL:     8   Next: 42%
MP:   8/8           EV:  2    Int: 13      God:    Gozag
Gold: 347           SH:  5    Dex: 10 (11) Spells: 7/7 levels left

rFire   . . .      SeeInvis .   e - +4 dagger (vamp)
rCold   . . .      Faith    .   b - +1 buckler
rNeg    . . .      Spirit   .   (helmet currently unavailable)
rPois   +          Reflect  .   (no amulet)
rElec   .          Harm     .   j - ring of flight
rCorr   .          Rampage  .   (no ring)
Will    .....      NoTele   +   (no ring)
Stlth   ++++......              (no ring)
HPRegen 0.21/turn               (no ring)
MPRegen 0.11/turn               (no ring)
                                (no ring)
                                (no ring)

@: tree-form, gold aura, studying Air Magic, heavily drained
A: stationary, stasis, torment immunity, boosted hp, almost no armour,
(amphibious), 8 rings, (camouflage 1), (gelatinous body 1), (nimble swimmer 1),
(tentacles)
a: Renounce Religion, Potion Petition, Call Merchant, Bribe Branch


You were on level 6 of the Dungeon.
You worshipped Gozag.
Gozag was aware of your devotion.
You were a tree.
You visited 1 branch of the dungeon, and saw 6 of its levels.

You collected 446 gold pieces.
You paid 99 gold pieces to Gozag.

Inventory:

Hand Weapons
 a - a +0 rapier
 e - a +4 vampiric dagger (weapon)
Armour
 b - a +1 buckler (worn)
Jewellery
 j - a ring of flight (left branch)
 p - the ring of Cilocix {+Blink rPois Will+}
   (You found it on level 5 of the Dungeon)

   [ring of poison resistance]

   rPois:     It protects you from poison.
   +Blink:    It lets you blink.
   Will:      It increases your willpower.
Wands
 k - a wand of flame (24)
 l - a wand of polymorph (12)
 m - a wand of quicksilver (9)
 t - a wand of iceblast (8)
Scrolls
 g - a scroll of vulnerability
 n - a scroll of butterflies
Potions
 f - a potion of mutation
 o - 3 potions of heal wounds {unknown}
 q - a potion of attraction {unknown}
 u - a potion of haste {unknown}


   Skills:
 + Level 4.5 Fighting
 + Level 5.3 Short Blades
 + Level 4.7 Dodging
 * Level 8.5 Stealth
 + Level 4.0 Shields


You had 7 spell levels left.
You didn't know any spells.
Your spell library contained the following spells:

 Spells                   Type           Power      Damage    Failure   Level
 Freeze                   Ice            0%         1d3       36%         1
 Frozen Ramparts          Ice            0%         1d1       75%         3
 Cause Fear               Hex            0%         N/A       98%         4
 Hailstorm                Conj/Ice       0%         3d3       98%         4
 Ice Form                 Ice/Tmut       0%         N/A       98%         4
 Summon Ice Beast         Ice/Summ       0%         N/A       98%         4
 Summon Lightning Spire   Summ/Air       0%         N/A       98%         4
 Dragon Form              Tmut           0%         N/A       100%        7
 Storm Form               Tmut/Air       0%         N/A       100%        7
 Maxwell's Capacitive Co  Air            0%         ∞         100%        8
 Dragon's Call            Summ           0%         N/A       100%        9


Dungeon Overview and Level Annotations

Branches:
Dungeon (6/15)
 Temple: D:4-7

Altars:
Gozag
Nemelex Xobeh
Qazlal
Trog


Innate Abilities, Weirdness & Mutations

You are a tree.
Your roots penetrate the ground, keeping you stationary.
You cannot be teleported.
You are immune to unholy pain and torment.
Your maximum health is greatly increased.
You cannot wear most types of armour.
((You are amphibious.))
You can wear up to eight rings at the same time.
((Your skin changes colour to match your surroundings (Stealth+).))
((Your rubbery body absorbs attacks. (AC +1, EV +1)))
((You are camouflaged when in or above water. (Stealth+)))
((You have tentacles for arms and can constrict up to eight enemies at once.))


Message History

Unknown command.
You barely miss the orc priest. You squeeze the orc priest.
The orc priest is lightly wounded.
The orc closely misses you. The orc priest hits you with a +0 whip.
* * * LOW HITPOINT WARNING * * *
The orc hits you with a +1 dagger of draining.
* * * LOW HITPOINT WARNING * * *
You feel drained.
* * * LOW HITPOINT WARNING * * *
You barely miss the orc priest. Your squeeze misses the orc priest.
The orc priest is lightly wounded.
The orc priest hits you with a +0 whip.
* * * LOW HITPOINT WARNING * * *
The orc hits you with a +1 dagger of draining.
* * * LOW HITPOINT WARNING * * *
You feel drained.
* * * LOW HITPOINT WARNING * * *
The orc hits you with a +0 club.
* * * LOW HITPOINT WARNING * * *
Okay, then.
Really quaff the potion of lignification? [Y]es or [N]o only, please.
Really quaff the potion of lignification?
Okay, then.
Really quaff the potion of lignification?
You turn into a tree.
Your roots penetrate the ground.
You feel less invigorated.
You feel less confused. The orc hits you but does no damage.
You feel drained. The orc barely misses you.
The orc priest hits you but does no damage.
Unknown command.
You hit the orc priest.
You feel better.
The orc priest is heavily wounded.
The orc hits you but does no damage.
The orc is distracted by your dazzling golden aura.
The orc priest invokes the aid of Beogh against you.
Beogh smites you!
You die...
Your body crumbles into a pile of gold.

#########
#....$..#
#)......#
#.......#
#..$oo..#
#...o♣..#
#.......#
#.......###
####......#
#....###.#
#.#####.#....#.##
#......#........
#.####.......#.##
#.##<.....#


You could see an orc priest and 2 orcs.

Vanquished Creatures
  Edmund (D:5)
  2 water moccasins (D:5)
  An ogre (D:5)
  A phantom (D:4)
  A bullfrog (D:5)
  3 hounds (D:5)
  A quasit (D:5)
  An orc priest (D:2)
  2 jellies
  Crazy Yiuf (D:5)
  3 iguanas (D:5)
  4 orc wizards
  3 gnolls (D:4)
  7 adders
  2 shadow imps (D:5)
  4 white imps (D:5)
  An ufetubus (D:4)
  3 dart slugs (D:1)
  9 orcs
  6 ball pythons
  4 endoplasms
  3 giant cockroaches
  3 goblins
  10 hobgoblins
  3 jackals (D:5)
  6 quokkas
  3 bats
  A frilled lizard (D:1)
  11 kobolds
  2 rats
102 creatures vanquished.

Vanquished Creatures (others)
  2 demonic plants (D:5)
  A fungus (D:5)
3 creatures vanquished.

Grand Total: 105 creatures vanquished

Notes
Turn   | Place    | Note
-------+----------+-------------------------------------------
     0 | D:1      | zeram the Octopode Fighter began the quest for the Orb.
     0 | D:1      | Reached XP level 1. HP: 16/16 MP: 1/1
   170 | D:1      | Reached skill level 1 in Stealth
   170 | D:1      | Reached XP level 2. HP: 13/21 MP: 2/2
   633 | D:1      | Reached XP level 3. HP: 21/26 MP: 3/3
   941 | D:1      | You fall into a shaft and drop 1 floor!
   989 | D:2      | Reached skill level 2 in Stealth
   993 | D:2      | Reached XP level 4. HP: 16/31 MP: 4/4
  1451 | D:2      | Reached skill level 3 in Stealth
  1635 | D:2      | Identified the +3 scale mail "Bodwoal" {Will+}
  1844 | D:3      | Reached XP level 5. HP: 36/36 MP: 5/5
  1882 | D:3      | Reached skill level 4 in Stealth
  2197 | D:3      | Found a faded altar of an unknown god.
  2216 | D:3      | Reached skill level 5 in Stealth
  2238 | D:3      | Reached XP level 6. HP: 27/42 MP: 6/6
  2498 | D:4      | Reached skill level 6 in Stealth
  3216 | D:4      | Found a stormy altar of Qazlal.
  3394 | D:5      | Entered Level 5 of the Dungeon
  3423 | D:5      | Noticed a water moccasin
  3425 | D:5      | Killed a water moccasin
  3426 | D:5      | Reached skill level 7 in Stealth
  3426 | D:5      | Reached XP level 7. HP: 47/47 MP: 7/7
  3813 | D:5      | Identified the ring of Cilocix {+Blink rPois Will+}
  3824 | D:5      | Found a bloodstained altar of Trog.
  3835 | D:5      | Found a sparkling altar of Nemelex Xobeh.
  3835 | D:5      | Found an opulent altar of Gozag.
  3844 | D:5      | Became a worshipper of Gozag Ym Sagoz the Greedy
  3860 | D:5      | Noticed Edmund
  3879 | D:5      | Killed Edmund
  4001 | D:5      | Reached skill level 8 in Stealth
  4001 | D:5      | Reached XP level 8. HP: 39/54 MP: 8/8
  4719 | D:5      | Reached skill level 5 in Short Blades
  5414 | D:5      | Found a runed translucent door.
  5415 | D:5      | Noticed Crazy Yiuf
  5423 | D:5      | Killed Crazy Yiuf
  5545 | D:6      | HP: 1/46 [orc/+0 club (4)]
  5547 | D:6      | Killed from afar by an orc priest

Illustrated notes

Levels and vault maps discovered:
D:1:      kilobyte_arrival_exit_the_forest, layout_loops_ring,
          kennysheep_doodads, minmay_pentomino_o2
D:2:      layout_loops_ring
D:3:      layout_basic, ebering_ecumenical_altar_hall,
          kennysheep_generic_room_11
D:4:      layout_basic, general_overflow_altar
D:5:      layout_gridville, grunt_temple_overflow_opulence,
          nicolae_overflow_hidden_temple, serial_demonic, serial_demonic_c,
          serial_demonic_d, serial_demonic_b, serial_demonic_g,
          wad_floor_pattern_1, nicolae_underground_beach, uniq_edmund,
          uniq_crazy_yiuf_cottage
D:6:      layout_loops_cross, makhleb_heckhound_becter, lemuel_round_altar,
          mainiacjoe_overflow_tiny_flanked, temple_fountains,
          nicolae_shop_i_like_big_books, minmay_diced_spiral

Skill      XL: |  1  2  3  4  5  6  7  8 |
---------------+-------------------------+-----
Stealth        | 1 2 3 5 7 8 |  8.5
Short Blades   | 3 4 5 |  5.3
Dodging        | 4 |  4.7
Fighting       | 4 |  4.5
Shields        | 4 |  4.0

Action                   |  1- 3 |  4- 6 |  7- 9 || total
-------------------------+-------+-------+-------++-------
Melee: Rapier            |     9 |       |       ||     9
       Constrict         |    18 |    19 |    24 ||    61
       Tentacles         |     9 |    12 |    34 ||    55
       Dagger            |    40 |   105 |   111 ||   256
       Punch             |       |       |     5 ||     5
  Use: Scroll            |       |    12 |     2 ||    14
       Potion            |       |     5 |     5 ||    10
 Stab: Sleeping          |     7 |    18 |       ||    25
Armor: Skin              |     3 |     5 |    11 ||    19
Dodge: Dodged            |    21 |    57 |    57 ||   135
Block: Buckler           |    10 |    16 |    19 ||    45
